 Dungeon Sprint DCSS version 0.18-a0-46-g45ca8e4 (webtiles) character file.

73 ololoev the Magician (level 4, -2/36 HPs)
             Began as a Deep Elf Fire Elementalist on Nov 6, 2015.
             Was an Initiate of Vehumet.
             Killed from afar by a hell hog (3 damage)
             ... with a sticky flame
             ... in the Dungeon (Sprint V: "Ziggurat Sprint").
             The game lasted 00:02:13 (101 turns).

ololoev the Magician (Deep Elf Fire Elementalist)    Turns: 101, Time: 00:02:13

Health: -2/36      AC:  7    Str: 10    XL:     4   Next: 8%
Magic:  13/15      EV: 11    Int: 33    God:    Vehumet [......]
Gold:   0          SH: 27    Dex: 20    Spells: 2 memorised, 12 levels left

rFire  + + .     SeeInvis .     A - +8 lance "Wyrmbane" {slay drac, +Rage rPois rF+ AC+5}
rCold  + . .     Clarity  .     a - +0 robe
rNeg   + . .     SustAt   .     z - +18 shield of the gong {rElec rN+ MR+ EV-5}
rPois  +         Gourm    .     (no helmet)
rElec  +         Spirit   .     (no cloak)
rCorr  +         Warding  .     (no gloves)
rMut   .         NoTele   +     (no boots)
MR     +....                    (no amulet)
Stlth  ..........               C - +6 ring of intelligence
                                B - +6 ring of intelligence

@: agile, berserking, liquid flames, resistant, very slightly contaminated,
glowing, very quick, somewhat resistant to hostile enchantments, extremely
unstealthy
A: no striking features
a: Renounce Religion, Evoke Berserk Rage

Inventory:

Hand Weapons
 A - the +8 lance "Wyrmbane" (weapon) {slay drac, +Rage rPois rF+ AC+5}
   (You found it in the Dungeon)

   It affects your AC (+5).
   It protects you from fire.
   It protects you from poison.
   It lets you go berserk.
Armour
 a - a +0 robe (worn)
 z - the +18 shield of the gong (worn) {rElec rN+ MR+ EV-5}
   (You found it in the Dungeon)

   It affects your evasion (-5).
   It insulates you from electricity.
   It protects you from negative energy.
   It affects your resistance to hostile enchantments.
Magical Staves
 y - an uncursed staff of energy
Jewellery
 B - a +6 ring of intelligence (left hand)
 C - a +6 ring of intelligence (right hand)
Scrolls
 i - 4 scrolls of blinking
 p - 4 scrolls of amnesia
 q - 3 scrolls of recharging
 r - 7 scrolls of fog
 s - a scroll of holy word
 t - 5 scrolls of identify
 u - 5 scrolls of remove curse
 v - 2 scrolls of fear
Potions
 d - 10 potions of curing
 e - 10 potions of heal wounds
 f - 6 potions of haste
 g - 7 potions of magic
 h - 2 potions of berserk rage
 j - 2 potions of brilliance
 k - a potion of invisibility
 l - 3 potions of resistance
 n - 4 potions of agility
 o - 6 potions of might
Books
 b - a book of Flames

   Spells                             Type                      Level
   a - Flame Tongue                   Conjuration/Fire             1
   b - Throw Flame                    Conjuration/Fire             2
   c - Conjure Flame                  Conjuration/Fire             3
   d - Inner Flame                    Hexes/Fire                   3
   e - Sticky Flame                   Conjuration/Fire             4
   f - Fireball                       Conjuration/Fire             5
Comestibles
 c - 5 bread rations
 w - 42 fruits
 x - 4 meat rations


   Skills:
 - Level 2.4 Dodging
 - Level 2.4 Stealth
 * Level 2.8 Shields
 + Level 7.2 Spellcasting
 + Level 5.5 Conjurations
 + Level 6.4 Fire Magic


You had 12 spell levels left. You knew the following spells: Your Spells Type Power Failure Level Hunger a - Flame Tongue Conj/Fire ##### 1% 1 None b - Sticky Flame Conj/Fire ######.. 17% 4 #...... You were in the Dungeon. You worshipped Vehumet. Vehumet was noncommittal. You were not hungry. You visited 1 branch ▓▓▓▓▓▓▓▓▓▓▓▓▓ ▓.8©8.▓.8©8.▓ ▓.)):.▓.....▓ ▓.hhh.▓...[.▓ ▓..@..▓.....▓ ▓.....▓.....▓ ▓.....▓.....▓ ▓.....▓▓▓▓▓▓▓ ▓▓▓▓▓▓▓

Notes
Turn   | Place    | Note
--------------------------------------------------------------
     0 | D        | ololoev the Deep Elf Fire Elementalist began the quest for the Orb.
     0 | D        | Reached XP level 1. HP: 10/10 MP: 6/6
     0 | D        | Found a roughly hewn altar of Beogh.
     0 | D        | Found a corrupted altar of Lugonu.
     0 | D        | Found a viscous altar of Jiyva.
     0 | D        | Found a white marble altar of Elyvilon.
     0 | D        | Found a sparkling altar of Nemelex Xobeh.
     0 | D        | Found a burning altar of Makhleb.
     0 | D        | Found an iron altar of Okawaru.
     0 | D        | Found a deep blue altar of Sif Muna.
     0 | D        | Found a radiant altar of Vehumet.
     0 | D        | Found a bloodstained altar of Trog.
     0 | D        | Found a shimmering altar of Xom.
     7 | D        | Killed Nergalle
    19 | D        | Killed Urug
    61 | D        | Became a worshipper of Vehumet
    66 | D        | Reached skill level 6 in Spellcasting
    66 | D        | Reached skill level 5 in Fire Magic
    66 | D        | Reached XP level 2. HP: 15/15 MP: 7/11
    69 | D        | Entered arena 1.
    77 | D        | Reached skill level 1 in Shields
    77 | D        | Reached skill level 5 in Conjurations
    77 | D        | Reached XP level 3. HP: 19/19 MP: 9/13
    78 | D        | Reached skill level 7 in Spellcasting
    78 | D        | Reached XP level 4. HP: 24/24 MP: 10/15
    89 | D        | Learned a level 4 spell: Sticky Flame
    90 | D        | Entered arena 2.
    90 | D        | Noticed a hell hog
    90 | D        | Noticed a hell hog
    90 | D        | Noticed a hell hound
   101 | D        | HP: 1/36 [hell hog/sticky flame (2)]
   101 | D        | Killed from afar by a hell hog

Dungeon Overview and Level Annotations

Branches:
Dungeon (1/1)

Altars:
Ashenzari
Cheibriados
Dithmenos
Elyvilon
Fedhas
Gozag
Kikubaaqudgha
Makhleb
Nemelex Xobeh
Okawaru
Qazlal
Ru
Sif Muna
Trog
Vehumet
Xom
Yredelemnul
Zin
The Shining One
Beogh
Jiyva
Lugonu


Message History

The hell hog bites you.
You barely miss the hell hog.
The hell hog is moderately wounded.
You block the hell hog's attack.
GONNNNG!
You block the hell hound's attack.
GONNNNG!
You block the hell hog's attack.
BOUMMMMG!
You closely miss the hell hog.
The hell hog is moderately wounded.
The hell hound breathes flames at you. The blast of flame hits you! You resist.
The hell hog sprays you with burning goo.
The sticky flame hits you! You resist.
You are covered in liquid flames!
You block the hell hog's attack.
BONNNG!
You puncture the hell hog!
The hell hog is heavily wounded.
You are covered in liquid flames!
You block the hell hound's attack.
GONNNNG!
You block the hell hog's attack.
PTOANNNG!
The hell hog bites you! You block the hell hound's attack.
GONNNNG!
You closely miss the hell hog.
The hell hog is heavily wounded.
You are covered in liquid flames!
The hell hog bites you.
The hell hog sprays you with burning goo.
The sticky flame hits you! You resist.
You are covered in liquid flames!
You block the hell hound's attack.
PTOANNNG!
The hell hog sprays you with burning goo.
The sticky flame hits you! You resist.
You are covered in liquid flames!
You die...

You could see 2 hell hogs and a hell hound.

Vanquished Creatures
  A crimson imp (D)
  An iron imp (D)
2 creatures vanquished.

Vanquished Creatures (others)
  Urug (D)
  Nergalle (D)
2 creatures vanquished.

Grand Total: 4 creatures vanquished

Action                   |  1- 3 |  4- 6 || total
-------------------------+-------+-------++-------
Melee: Lance             |     8 |     6 ||    14
  Use: Potion            |     3 |     2 ||     5
 Stab: Invisible         |     2 |       ||     2

Vault maps used:
D:        sprint_v
